 Dungeon Crawl Stone Soup version 0.32-a0-791-gfc315c9ecd (webtiles) character file.

Game seed: 13172021452475974280

508 backslashecho the Sneak (level 7, -2/36 HPs)
             Began as a Kobold Enchanter on Mar 20, 2024.
             Slain by Grinder (9 damage)
             ... on level 5 of the Dungeon.
             The game lasted 00:11:19 (3849 turns).

backslashecho the Sneak (Kobold Enchanter)          Turns: 3849, Time: 00:11:20

Health: -2/36      AC:  3    Str:  5    XL:     7   Next: 42%
Magic:  10/12      EV: 14    Int: 19    God:
Gold:   305        SH:  0    Dex: 15    Spells: 8/13 levels left

rFire   . . .        a - +1 dagger (vamp)
rCold   . . .        (no shield)
rNeg    . . .        b - +0 robe
rPois   .            n - +0 helmet
rElec   .            (no cloak)
rCorr   .            (no gloves)
SInv    +            (no boots)
Will    .....        (no amulet)
Stlth   +++++        q - ring of see invisible
HPRegen 0.26/turn    (no ring)
MPRegen 0.13/turn

%: no passive effects
@: no status effects
A: small, no large weapons, nightstalker 3
a: no special abilities


You were on level 5 of the Dungeon.
You visited 1 branch of the dungeon, and saw 5 of its levels.

You collected 305 gold pieces.

Inventory:

Hand Weapons
 a - a +1 vampiric dagger (weapon)
Missiles
 f - an atropa-tipped dart (quivered)
Armour
 b - a +0 robe (worn)
 n - a +0 helmet (worn)
Jewellery
 q - a ring of see invisible (left hand)
Scrolls
 e - 2 scrolls of amnesia
 g - a scroll of blinking {unknown}
 h - a scroll of fog {unknown}
 j - a scroll of fear {unknown}
 l - 2 scrolls of enchant armour {unknown}
 o - 3 scrolls of teleportation {unknown}
 p - a scroll of butterflies {unknown}
Potions
 c - 2 potions of invisibility
 i - a potion of heal wounds
 k - a potion of ambrosia {unknown}
 m - a potion of lignification
 r - 3 potions of mutation


   Skills:
 - Level 4.0 Short Blades
 - Level 2.4 Dodging
 + Level 7.1 Stealth
 + Level 3.8 Spellcasting
 - Level 5.0 Hexes
 * Level 0.8 Ice Magic


You had 8 spell levels left.
You knew the following spells:

 Your Spells              Type           Power      Damage    Failure   Level
a - Ensorcelled Hibernat  Hex/Ice        28%        N/A       6%          2
b - Tukima's Dance        Hex            22%        N/A       5%          3

Your spell library contained the following spells:

 Spells                   Type           Power      Damage    Failure   Level
 Confusing Touch          Hex            22%        N/A       5%          3
 Kiss of Death            Conj/Necr      12%        2d6       14%         1
 Dazzling Flash           Conj/Hex       26%        N/A       16%         3
 Inner Flame              Hex/Fire       13%        N/A       16%         3
 Cause Fear               Hex            11%        N/A       19%         4
 Dispel Undead            Necr           3%         3d7       80%         4
 Fireball                 Conj/Fire      1%         3d3       98%         5
 Irradiate                Conj/Alch      1%         3d12      98%         5
 Ignition                 Fire           1%         3d3       100%        8
 Dragon's Call            Summ           1%         N/A       100%        9


Dungeon Overview and Level Annotations

Branches:
Dungeon (5/15)
 Temple: D:4-7

Altars:

Shops:
D:1 *   D:5 [

Annotations:
D:5 Grinder


Innate Abilities, Weirdness & Mutations

You are small and have problems with some larger weapons.
You are completely attuned to the shadows.


Message History

Aim: an iguana (lightly wounded, chance to affect: 55%)
The iguana looks drowsy...
You now have 10/12 mp.
The helpless iguana fails to defend itself.
You stick the iguana like a pincushion!!!
You kill the iguana!
Things that are here:
a +0 short sword; an orc corpse
There is an entrance to Dummeigi's Armour Emporium here.
You can access your shopping list by pressing '$'.
Unknown command.
Okay, then.
Unknown command.
Magic restored.
Found a quarterstaff.
MP restored: 12 You now have 305 gold pieces (gained 14).
An orc comes into view. It is wielding a +0 club.
Grinder comes into view.
The orc shouts!
Grinder shouts!
The orc misses you.
You hit the orc.
The orc is lightly wounded.
The orc hits you with a +0 club.
You take 1 damage, and have 35/36 hp.
You aren't carrying any items that you can evoke.
Unknown command.
Throw: 5 darts (atropa)
Press: ? - help, Q - select action, (/) - cycle Shift-Dir - straight line, f - Grinder
Aim: Grinder (50% to hit, chance to blind on hit: 51%)
You throw an atropa-tipped dart. The atropa-tipped dart hits Grinder.
Grinder resists.
The orc misses you. Grinder gestures at you. Pain shoots through your body!
You take 9 damage, and have 26/36 hp.
MASSIVE DAMAGE!!
Throw: 4 darts (atropa)
Press: ? - help, Q - select action, (/) - cycle Shift-Dir - straight line, f/p - Grinder
Aim: Grinder (50% to hit, chance to blind on hit: 51%)
You throw an atropa-tipped dart.
The atropa-tipped dart closely misses Grinder.
The orc barely misses you.
Throw: 3 darts (atropa)
Press: ? - help, Q - select action, (/) - cycle Shift-Dir - straight line, f/p - Grinder
Aim: Grinder (50% to hit, chance to blind on hit: 51%)
You throw an atropa-tipped dart. The atropa-tipped dart hits Grinder.
Grinder appears confused.
The orc misses you.
You hit Grinder.
Grinder is lightly wounded.
The orc hits you but does no damage.
You strike the helpless Grinder from behind!
You impale Grinder!!
Grinder is heavily wounded.
Grinder seems less confused.
You hit Grinder.
Grinder is heavily wounded.
The orc hits you with a +0 club.
You take 5 damage, and have 22/36 hp.
You hit the orc.
You feel better.
The orc is heavily wounded.
The orc hits you with a +0 club.
You regained 2 hp, and now have 24/36 hp.
You hit the orc but do no damage.
The orc is heavily wounded.
Grinder is no longer blind.
The orc hits you with a +0 club.
You take 3 damage, and have 21/36 hp.
Casting: Ensorcelled Hibernation (safe; 6% risk of failure)
Confirm with . or Enter, or press ? or * to list all spells.
Aiming: Ensorcelled Hibernation (safe; 6% risk of failure)
Press: ? - help, Shift-Dir - straight line, f - orc, p - Grinder
Aim: an orc, wielding a +0 club (heavily wounded, chance to affect: 65%)
The orc looks drowsy...
Grinder hits you.
You writhe in agony.
You take 6 damage, and have 15/36 hp.
You now have 10/12 mp.
The helpless orc fails to defend itself.
You spit the orc like a pig!!!
You feel better.
You kill the orc!
Grinder hits you!
* * * LOW HITPOINT WARNING * * *
You writhe in agony.
* * * LOW HITPOINT WARNING * * *
You take 8 damage, and have 7/36 hp.
MASSIVE DAMAGE!!
Casting: Ensorcelled Hibernation (safe; 6% risk of failure)
Confirm with . or Enter, or press ? or * to list all spells.
You can't see any susceptible monsters within range! (Use Z to cast anyway.)
Casting: Ensorcelled Hibernation (safe; 6% risk of failure)
Confirm with . or Enter, or press ? or * to list all spells.
Aiming: Tukima's Dance (dangerous; 5% risk of failure)
Press: ? - help, Shift-Dir - straight line, f - Grinder
Aim: Grinder (heavily wounded, not susceptible)
Okay, then.
Unknown command.
Throw: 2 darts (atropa)
Press: ? - help, Q - select action, (/) - cycle Shift-Dir - straight line, f - Grinder
Aim: Grinder (heavily wounded, 50% to hit, chance to blind on hit: 51%)
You throw an atropa-tipped dart.
The atropa-tipped dart closely misses Grinder.
Grinder hits you!
You die...
Grinder sighs, "Dead already?
I want a refund."

#.##.........
##.
#.##.##......
#..
#..#.#......
....
#..........
#...
#..........
##..
#..........
#..
##.........
##.
#........# ..
#....5@...#
..
#.....()...
..
......(....
.. ##.##.....
.. ## .(....
.. #. .


You could see Grinder.

Vanquished Creatures
  Sigmund (D:4)
  A phantom (D:4)
  A bombardier beetle (D:4)
  Jessica (D:3)
  An iguana (D:5)
  An orc wizard (D:3)
  Robin (D:2)
  6 adders
  4 dart slugs
  A ribbon worm (D:2)
  11 orcs
  5 bats
  5 endoplasms
  4 giant cockroaches
  12 goblins
  10 hobgoblins
  2 kobolds (D:2)
  A quokka (D:2)
  8 ball pythons
  6 frilled lizards
  5 rats
87 creatures vanquished.

Notes
Turn   | Place    | Note
-------+----------+-------------------------------------------
     0 | D:1      | backslashecho the Kobold Enchanter began the quest for the
                  | Orb.
     0 | D:1      | Reached XP level 1. HP: 10/10 MP: 3/3
   141 | D:1      | Found Builoic's Assorted Antiques.
   183 | D:1      | Reached XP level 2. HP: 15/15 MP: 5/5
   190 | D:1      | Learned a level 2 spell: Ensorcelled Hibernation
   759 | D:2      | Reached XP level 3. HP: 12/19 MP: 6/6
   893 | D:2      | Noticed Robin
   898 | D:2      | Killed Robin
   923 | D:1      | Reached XP level 4. HP: 16/24 MP: 0/7
  1775 | D:3      | Noticed Jessica
  1779 | D:3      | Killed Jessica
  1780 | D:3      | Reached skill level 5 in Stealth
  1780 | D:3      | Reached XP level 5. HP: 28/28 MP: 9/9
  1967 | D:3      | Learned a level 3 spell: Tukima's Dance
  2626 | D:4      | Reached XP level 6. HP: 32/32 MP: 10/10
  3045 | D:4      | Noticed Sigmund
  3056 | D:4      | Killed Sigmund
  3057 | D:4      | Reached skill level 7 in Stealth
  3057 | D:4      | Reached skill level 5 in Hexes
  3057 | D:4      | Reached XP level 7. HP: 35/36 MP: 9/12
  3620 | D:5      | Entered Level 5 of the Dungeon
  3791 | D:5      | Found Dummeigi's Armour Emporium.
  3837 | D:5      | Noticed Grinder
  3849 | D:5      | Slain by Grinder

Illustrated notes

Levels and vault maps discovered:
D:1:      scummos_arrival_forest, layout_loops_cross, serial_shops,
          nicolae_shop_window_shopping, minmay_close_crescents
D:2:      cheibrodos_old_hovel, layout_rooms, uniq_robin
D:3:      layout_loops_ring, uniq_jessica
D:4:      layout_loops_ring, serial_bayou_pond_a, minmay_misc_feat_plants,
          nicolae_houndstooth_variations, uniq_sigmund
D:5:      layout_cave_pools, mainiacjoe_overflow_boulevard,
          minmay_temple_entry_poolview, serial_shops, shop, uniq_edmund,
          uniq_grinder, uniq_crazy_yiuf_cottage

Skill      XL: |  1  2  3  4  5  6 |
---------------+-------------------+-----
Short Blades   | 2 3 4 |  4.0
Hexes          | 4 5 |  5.0
Stealth        | 5 7 |  7.1
Spellcasting   | 3 |  3.8
Dodging        | |  2.4
Ice Magic      | |  0.8

Action                     |  1- 3 |  4- 6 |  7- 9 || total
---------------------------+-------+-------+-------++-------
  Melee: Dagger            |    34 |   129 |    17 ||   180
  Throw: Dart              |       |       |     4 ||     4
   Cast: Ensorcelled Hiber |     5 |    27 |     2 ||    34
    Use: Scroll            |       |     2 |     2 ||     4
         Potion            |       |     1 |       ||     1
   Stab: Sleeping          |    18 |    38 |     5 ||    61
         Invisible         |       |     1 |     1 ||     2
 Armour: Robe              |    12 |    50 |    10 ||    72
  Dodge: Dodged            |    17 |    56 |     6 ||    79

Table legend: (Time is in decaauts)
 A = Elapsed time spent in this place.
 B = Non-inter-level travel time spent in this place.
 C = Inter-level travel time spent in this place.
 D = Time resting spent in this place.
 E = Time spent auto-exploring this place.
 F = Levels seen in this place.
 G = Mean time per level.
                   A        B        C        D        E       F      G
               +--------+--------+--------+--------+--------+-----+--------+
         Total |   3823 |   3555 |    268 |    189 |   2658 |   5 |  764.6 |
       Dungeon |   3823 |   3555 |    268 |    189 |   2658 |   5 |  764.6 |
               +--------+--------+--------+--------+--------+-----+--------+

Top non-repeatable levels by time:
     D:2: 994 daAuts
     D:4: 952 daAuts
     D:3: 875 daAuts
     D:1: 803 daAuts
     D:5: 196 daAuts
